 Dungeon Crawl Stone Soup version 0.18.1-48-g4cf74bf (webtiles) character file.

381 Inkary the Shooter (level 6, -4/53 HPs)
             Began as a Centaur Hunter on Aug 5, 2016.
             Slain by Inkary's ghost (11 damage)
             ... on level 3 of the Dungeon.
             The game lasted 00:05:52 (2924 turns).

Inkary the Shooter (Centaur Hunter)                 Turns: 2924, Time: 00:05:53

Health: -4/53      AC:  5    Str: 14    XL:     6   Next: 46%
Magic:  6/6        EV: 10    Int: 10    God:
Gold:   35         SH:  0    Dex: 12    Spells: 0 memorised, 5 levels left

rFire  . . .     SeeInvis .     b - +0 short sword
rCold  . . .     Gourm    .     c - +0 leather armour
rNeg   . . .     Faith    .     (no shield)
rPois  .         Spirit   .     r - +0 helmet
rElec  .         Dismiss  .     (no cloak)
rCorr  .         Reflect  .     (no gloves)
SustAt .         Harm     .     (no barding)
MR     .....                    (no amulet)
Stlth  +.........               (no ring)
                                (no ring)

@: very quick, not resistant to hostile enchantments, very unstealthy
A: hooves 3, deformed body, speed 2, tough skin 3
a: no special abilities


You were on level 3 of the Dungeon.
You were not hungry.

You visited 1 branch of the dungeon, and saw 3 of its levels.

You collected 35 gold pieces.

Inventory:

Hand Weapons
 a - a +1 shortbow
 b - a +0 short sword (weapon)
Missiles
 d - an arrow
Armour
 c - a +0 leather armour (worn)
 r - a +0 helmet (worn)
Jewellery
 j - an uncursed amulet of regeneration {unknown}
 q - a +5 ring of evasion {unknown}
Scrolls
 e - a scroll of teleportation {unknown}
 k - a scroll of magic mapping {unknown}
 m - a scroll of enchant weapon {unknown}
 n - a scroll of identify {unknown}
Potions
 h - a potion of ambrosia {unknown}
 p - a potion of cancellation {unknown}
Comestibles
 f - 2 bread rations
 g - 4 meat rations
 i - a slice of pizza
 l - a beef jerky
 o - 3 fruits


   Skills:
 + Level 4.3 Fighting
 - Level 7.0 Bows
 + Level 3.3 Dodging
 - Level 0.5 Stealth


You had 5 spell levels left.
You didn't know any spells.

Dungeon Overview and Level Annotations

Branches:
Dungeon (3/15)

Altars:
Dithmenos
Yredelemnul

Annotations:
D:3 Inkary's ghost, amateur MiWr


Innate Abilities, Weirdness & Mutations

You have hooves in place of feet.
Armour fits poorly on your strangely shaped body.
You cover ground very quickly.
You have extremely tough skin (AC +3).


Message History

The orc priest is heavily wounded.
Inkary's ghost whispers, "There is no future for you."
The orc priest closely misses you.
You hit the orc priest. Your kick misses the orc priest.
The orc priest is severely wounded.
Inkary's ghost closely misses you.
The orc priest calls down the wrath of Beogh upon you.
Beogh smites you!
You hit the orc priest.
You kill the orc priest!
Inkary's ghost hits you.
You hit Inkary's ghost. Your kick misses Inkary's ghost.
Inkary's ghost is lightly damaged.
Inkary's ghost hits you but does no damage.
Inkary's ghost hits you!
* * * LOW HITPOINT WARNING * * *
You barely miss Inkary's ghost.
Inkary's ghost whispers, "Meet the emptiness of death!"
Inkary's ghost hits you!
You die...

#.#
#.#####
#.....#
#####.#
#)# #.#
#.# #W#
#@# #)#
#(#
###(#
#.((#
#.###
.o.
o.(..
#......


You could see Inkary's ghost.

Vanquished Creatures
  Sigmund (D:2)
  An orc priest (D:3)
  An orc wizard (D:3)
  Robin (D:3)
  4 gnolls (D:2)
  5 adders (D:2)
  A worm (D:3)
  5 dart slugs
  3 giant geckos (D:1)
  An orc (D:3)
  3 bats
  5 giant cockroaches
  9 goblins
  11 hobgoblins
  A ball python (D:1)
  4 kobolds
  5 rats
61 creatures vanquished.

Notes
Turn   | Place    | Note
--------------------------------------------------------------
     0 | D:1      | Inkary the Centaur Hunter began the quest for the Orb.
     0 | D:1      | Reached XP level 1. HP: 17/17 MP: 1/1
   186 | D:1      | Reached XP level 2. HP: 16/24 MP: 2/2
   826 | D:1      | Reached XP level 3. HP: 30/30 MP: 3/3
   908 | D:2      | Noticed Sigmund
  1257 | D:2      | Killed Sigmund
  1257 | D:2      | Reached skill level 6 in Bows
  1257 | D:2      | Reached XP level 4. HP: 31/38 MP: 4/4
  1257 | D:2      | Reached XP level 5. HP: 37/45 MP: 5/5
  1473 | D:2      | Found a shadowy altar of Dithmenos.
  1473 | D:2      | Found a basalt altar of Yredelemnul.
  1662 | D:2      | Reached skill level 7 in Bows
  1934 | D:2      | Reached XP level 6. HP: 25/52 MP: 6/6
  2479 | D:3      | Noticed Robin
  2550 | D:3      | Killed Robin
  2895 | D:3      | Noticed Inkary's ghost (amateur MiWr)
  2924 | D:3      | Slain by Inkary's ghost

Skill      XL: |  1  2  3  4  5  6 |
---------------+-------------------+-----
Fighting       | 3 4 |  4.3
Bows           | 6 7 |  7.0
Dodging        | 2 3 |  3.3
Stealth        | |  0.5

Action                   |  1- 3 |  4- 6 || total
-------------------------+-------+-------++-------
Melee: Short sword       |     6 |   142 ||   148
       Kick              |       |    30 ||    30
 Fire: Shortbow          |    59 |    73 ||   132
  Use: Potion            |       |     1 ||     1
  Eat: Chunk             |       |     5 ||     5
Armor: Leather armour    |     1 |    32 ||    33
       Skin              |       |    10 ||    10
Dodge: Dodged            |     1 |    87 ||    88
